Description

When the main base is saturated, focus on building Overlords and Lings @ main base. Change rallies respectively before starting building extractors. Stop droning at 5:45 with 68/69 drones to have fully saturated 3 bases after building Hydralisk Den and Infestation Pit. Resume droning when able to push Toss back adding gases at the same time. Final goal 84 to 88 drones. In perfect scenario without engagements, you should have 200 supply around 8:30. The build Checked in SALT mode for usability.

VOD

https://youtu.be/nak_pwmyliU?si=y0kAPXgzedD5jgZX&t=2060

Replay - Alcyone_LE_16

Build Order

Get SALT Encoding   

  14  0:30  Hatchery  
  14  0:44  Extractor  Extractor trick to build drone
  15  0:49  Overlord  
  15  1:04  Spawning Pool  
  18  1:30  Extractor  use 17th drone, next 2 drones rally to natural, 20th drone rally to gas
  20  1:51  Queen x2  25/28 drone @ main rally to gas + 2 lings @ nat
  30  2:30  Hatchery  + 2 Lings @ main
  31  2:40  Overlord  
  31  2:43  Queen  @ 100 gas move 2 drones to natural
  34  2:54  Metabolic Boost  morph 3 larva from 1st inject @ main into drones & rally to gas
  37  3:05  Overlord  
  41  3:20  Queen  @ main
  45  3:28  Queen  @ natural +6 Lings @ main
  49  3:38  Overlord  
  50  3:39  Overlord  
  52  3:50  Queen  @ 3rd
  57  4:00  Spore Crawler x2  @ main & nat
  62  4:15  Overlord  +2 Lings
  66  4:25  Overlord  +2 Lings
  71  4:30  Roach Warren  
  76  4:45  Lair  + 2 Lings
  82  5:00  Extractor x2  
  81  5:01  Evolution Chamber  
  84  5:20  Hatchery  
  83  5:21  Overlord  
  88  5:25  Extractor  
  88  5:26  Overlord  
  88  5:27  Overlord  
  90  5:30  Extractor x2  
  88  5:31  Zerg Missile Weapons Level 1  
  88  5:33  Overlord  
  87  5:40  Spore Crawler  @ 3rd
  89  5:45  Hydralisk Den  start zerlings x7 + 2 Overs, pause droning (should have 68 or 69 drones)
  95  5:55  Overlord  
  95  6:00  Overlord  
  99  6:09  Infestation Pit  + Over
  98  6:20  Grooved Spines  + Start Hydra production
Spawning Tool Build Advisor. Get it on Overwolf

Go to:

Details

  • Created by: 1nsy
  • Published on: Nov 11, 2023
  • Modified on: Nov 17, 2023
  • Patch: 5.0.11
  • Difficulty: Hard
Show
View Real Time Build Order
Export as new Build Order

Comments (0)

There are no comments. Be the first!

Create an account to comment!